[Event "Asian Junior-ch 2017-Open"]
[Site "Shiraz"]
[Date "2017.05.05"]
[Round "4"]
[White "Daneshvar, Bardiya"]
[Black "Suleymenov, Alisher"]
[Result "0-1"]
[ECO "E33"]
[WhiteElo "2105"]
[BlackElo "2338"]
[Annotator "NA"]
[PlyCount "188"]
[EventDate "2017.??.??"]
[EventType "swiss"]
[EventCountry "IRI"]
[SourceTitle "playchess.com"]
[Source "ChessBase"]
[SourceQuality "1"]
[TimeControl "5400+30"]

1. d4 Nf6 2. c4 Nc6 3. Nf3 e6 4. Nc3 Bb4 5. Qc2 d6 6. Bd2 O-O 7. a3 Bxc3 $1 {[%emt 0:00:08] LiveBook: 332 Games} 8. Bxc3 ({Reject} 8. bxc3 e5 $11) 8... Qe7 9. e4 {[%emt 0:00:24] E33: Nimzo-Indian: Classical: 4...Nc6} e5 10. d5 $1 Nb8 11. g3 a5 12. Bg2 $146 ({Predecessor:} 12. b3 Nbd7 13. Bg2 Nc5 14. Nd2 Bd7 15. O-O b6 16. Rae1 Nh5 {½-½ (72) Kaspi,A (2435)-Najer,E (2664) Eilat 2012}) 12... Na6 13. Nd2 b6 14. O-O Bd7 15. f4 (15. b4 $16) 15... Ng4 16. Rae1 a4 $1 17. h3 Nh6 $1 18. Kh2 f6 19. fxe5 fxe5 20. Rxf8+ Rxf8 21. Rf1 Rb8 22. Bb4 b5 23. Qc3 bxc4 24. Nxc4 Qe8 25. Na5 Nf7 26. Qd2 h6 27. Kg1 Ng5 28. h4 Nh7 $1 ({Wrong is} 28... Nh3+ $2 29. Kh2 $18) 29. Rc1 Nf6 30. Nc6 Bxc6 31. Rxc6 Nxb4 32. axb4 Rb7 33. Qe1 Qb8 34. Rc4 Ng4 35. Kh1 Qa7 36. Rc2 (36. Bf3 $11 Nf6 37. Qg1) 36... Ne3 37. Re2 Nxg2 38. Kxg2 Qd4 39. Qf1 Qd3 40. Kh3 Rb8 41. Qf2 $17 Rf8 42. Qe3 Qb1 43. Kg4 Qf1 44. h5 Kh7 45. Rh2 Qd1+ 46. Qe2 Qd4 47. b5 Qg1 48. Rg2 Qh1 49. Rh2 Qc1 50. Rf2 Qg5+ 51. Kh3 Rxf2 52. Qxf2 Qxh5+ 53. Kg2 Qg4 54. Qc2 h5 55. Kh2 Qf3 56. Qxc7 Qe2+ 57. Kh3 Qxe4 58. Kh2 Qe2+ 59. Kh3 Qg4+ 60. Kh2 Qe2+ 61. Kh3 Qf1+ 62. Kh2 Qxb5 63. Qxd6 Qxb2+ 64. Kh3 a3 65. Qe6 Qb1 66. Kh2 a2 67. Qxe5 Kh6 68. Qf4+ Kh7 69. Qe5 Qc2+ 70. Kh3 Qg6 71. d6 Qg4+ 72. Kh2 h4 73. gxh4 Qxh4+ 74. Kg2 Qg4+ 75. Kh2 Kh6 76. Qb2 Qf4+ 77. Kg2 Qe4+ 78. Kh2 Qb1 79. Qd2+ g5 80. d7 Qb8+ 81. Kg2 Qa8+ 82. Kf2 Qa7+ 83. Kg2 Qa8+ 84. Kf2 a1=Q 85. d8=Q Q8a7+ 86. Ke2 Qe5+ 87. Kd1 Qaa1+ 88. Qc1 Qa4+ 89. Qc2 Qea1+ 90. Kd2 Qf4+ 91. Kd3 Qa3+ 92. Qc3 Qf3+ 93. Kc2 Qaxc3+ 94. Kb1 Qf1+ 0-1

[Event "Asian Junior-ch 2017-Open"]
[Site "Shiraz"]
[Date "2017.05.10"]
[Round "9"]
[White "Daneshvar, Bardiya"]
[Black "Hamidi, Amir Mohammad"]
[Result "1/2-1/2"]
[ECO "D53"]
[WhiteElo "2105"]
[BlackElo "2187"]
[Annotator "ChessBase"]
[PlyCount "169"]
[EventDate "2017.??.??"]
[EventType "swiss"]
[EventCountry "IRI"]
[SourceTitle "playchess.com"]
[Source "ChessBase"]
[SourceQuality "1"]
[TimeControl "5400+30"]

1. d4 e6 2. c4 d5 3. Nc3 Nf6 4. Bg5 Be7 5. cxd5 Nxd5 6. Bxe7 Qxe7 7. Nxd5 exd5 8. Qd2 a5 9. Nf3 O-O 10. e3 Nd7 11. Bd3 Nf6 12. O-O Ne4 13. Bxe4 dxe4 14. Ne5 Be6 15. Qc2 Bd5 16. Rfc1 f6 17. Nc4 Qe6 18. b3 g5 19. Qd2 a4 20. Qb4 h5 21. Nb2 axb3 22. axb3 Rxa1 23. Rxa1 h4 24. h3 b6 25. Nc4 Rf7 26. Qd2 Bxc4 27. bxc4 Qxc4 28. Ra8+ Kg7 29. Qd1 Qd5 30. Re8 Qc6 31. Rc8 Rf8 32. d5 Qc5 33. Rxf8 Kxf8 34. Qg4 Qe7 35. Qe2 Kg7 36. Qc4 Qe5 37. Qc6 f5 38. Qd7+ Kf6 39. Qd8+ Qe7 40. Qh8+ Qg7 41. Qe8 Qf7 42. Qd8+ Kg6 43. d6 cxd6 44. Qxb6 Qf6 45. Qb8 Kh6 46. Qa8 Qe6 47. Qd8 Kg6 48. Qf8 d5 49. Qh8 Qf7 50. Qd8 f4 51. exf4 gxf4 52. Qxh4 Qf6 53. Qg4+ Kh6 54. Qe2 Qe6 55. Qd2 e3 56. fxe3 fxe3 57. Qd4 Kg6 58. Qd3+ Kf6 59. h4 Qe5 60. Qa6+ Kg7 61. Qe2 d4 62. h5 Kh6 63. Qg4 Qf6 64. Qe2 Qf4 65. g4 Qg3+ 66. Qg2 Qe1+ 67. Qf1 Qg3+ 68. Qg2 Qf4 69. Qe2 Kg5 70. Kg2 Kh4 71. Qf3 Qd6 72. Qh3+ Kg5 73. Qf3 Qe5 74. Qe2 Kh4 75. h6 Kg5 76. h7 Qe4+ 77. Kg3 Qe5+ 78. Kf3 Kg6 79. Qc2+ Kg7 80. Qb1 Qd5+ 81. Ke2 Qg2+ 82. Kd3 Qxg4 83. Qb7+ Kh8 84. Qf7 Qg5 85. Kxd4 1/2-1/2